 Dungeon Crawl Stone Soup version 0.18.1-8-gdd0e5ea (webtiles) character file.

127 Ordine the Digger (level 5, -2/28 HPs)
             Began as a Gargoyle Earth Elementalist on May 23, 2016.
             Killed from afar by an orc wizard (9 damage)
             ... with a puff of flame
             ... on level 3 of the Dungeon.
             The game lasted 00:15:55 (2947 turns).

Ordine the Digger (Gargoyle Earth Elementalist)     Turns: 2947, Time: 00:15:56

Health: -2/28      AC:  9    Str: 12    XL:     5   Next: 11%
Magic:  0/10       EV: 12    Int: 16    God:
Gold:   97         SH:  0    Dex: 10    Spells: 2 memorised, 7 levels left

rFire  . . .     SeeInvis .     h - +1 club
rCold  . . .     Gourm    .     a - +1 robe
rNeg   + . .     Faith    .     (no shield)
rPois  ∞         Spirit   .     m - +0 helmet
rElec  +         Dismiss  .     i - +0 cloak
rCorr  .         Reflect  .     (no gloves)
SustAt .         Harm     .     (no boots)
MR     .....                    (no amulet)
Stlth  ++........               (no ring)
                                (no ring)

@: not resistant to hostile enchantments, unstealthy
A: negative energy resistance 1, electricity resistance, unbreathing,
petrification resistance, rot immunity, AC +4
a: no special abilities


You were on level 3 of the Dungeon.
You were not hungry.

You visited 1 branch of the dungeon, and saw 3 of its levels.

You collected 97 gold pieces.

Inventory:

Hand Weapons
 h - a +1 club (weapon)
Missiles
 b - 159 stones (quivered)
Armour
 a - a +1 robe (worn)
 i - a +0 cloak (worn)
 m - a +0 helmet (worn)
Jewellery
 f - an uncursed ring of stealth
Wands
 r - a wand of flame (40/48)
Scrolls
 k - a scroll of enchant weapon
 n - a scroll of noise
 o - a scroll of enchant armour
 p - a scroll of teleportation
 t - a scroll of fear {unknown}
Potions
 e - 2 potions of brilliance
 q - a potion of haste
Books
 c - a book of Geomancy

   Spells                             Type                      Level
   a - Sandblast                      Earth                        1
   b - Passwall                       Transmutation/Earth          2
   c - Stone Arrow                    Conjuration/Earth            3
   d - Petrify                        Transmutation/Earth          4
   e - Lee's Rapid Deconstruction     Earth                        5
Comestibles
 d - 6 bread rations
 j - a meat ration
 s - 18 chunks of flesh


   Skills:
 - Level 1.5 Dodging
 - Level 2.1 Stealth
 * Level 3.7 Spellcasting
 + Level 1.8 Conjurations
   Level 0.7 Transmutations
 + Level 4.7 Earth Magic


You had 7 spell levels left.
You knew the following spells:

 Your Spells              Type           Power        Failure   Level  Hunger
a - Sandblast             Erth           ###...       2%          1    None
b - Stone Arrow           Conj/Erth      ##....       14%         3    ###....


Dungeon Overview and Level Annotations

Branches:
Dungeon (3/15)

Altars:
Makhleb


Innate Abilities, Weirdness & Mutations

You are resistant to torment.
Your stone body is resilient (AC +4).
You are immune to poison.
You resist negative energy.
You are resistant to electric shocks.
You can survive without breathing.
You are immune to petrification.
You are immune to rotting.


Message History

You completely miss something. Something hits you but does no damage.
Something hits you.
You miss something. Something hits you but does no damage.
You miss something. Something hits you but does no damage.
Casting: Sandblast
Confirm with . or Enter, or press ? or * to list all spells.
Aiming: Sandblast
Press: ? - help, Shift-Dir - straight line The blast of sand hits something.
Something hits you but does no damage.
You miss something.
You hear some strange, mumbled words.
A magic dart appears from out of thin air!
The magic dart hits you!
* * * LOW HITPOINT WARNING * * *
Something hits you but does no damage.
You miss something.
You hear some strange, mumbled words.
A puff of flame appears from out of thin air!
The puff of flame hits you!
You die...

,,*** **,*,*,,,,* ,,*
**,***,,...##***** ,,*
*,**,,,,....,,,,,* ,,*
**,*,,,*#...,,,,,* ,,*
**,,,,**#..#****,* ,**
*,,*,** #..# *,* ,*
***.**** #..# ***,*
,*****≈,..,* #..##*,,,*
,**,,*,,...***##@..#*,*,*
,**,,,,,_,..,*#.{..#*,*,*
,*,,,*,,,,,#.##....##.#,*
,,,,,*,,,,,#..........#.*
,,,,,**#,**####)........*
*,,,,>*#.#*,* #)#####.##*
**,,,,**,..,* #)# *.#
**,*,#####.###)# *,#
*,,,....$.....#####.#


There were no monsters in sight!

Vanquished Creatures
  An orc wizard (D:3)
  Robin (D:2)
  An ooze (D:1)
  3 worms (D:2)
  A dart slug (D:1)
  A giant gecko (D:1)
  10 orcs (D:3)
  6 bats
  4 giant cockroaches
  12 goblins
  6 hobgoblins
  2 ball pythons (D:1)
  4 giant newts
  8 kobolds
  4 rats
64 creatures vanquished.

Notes
Turn   | Place    | Note
--------------------------------------------------------------
     0 | D:1      | Ordine the Gargoyle Earth Elementalist began the quest for the Orb.
     0 | D:1      | Reached XP level 1. HP: 10/10 MP: 3/3
   322 | D:1      | Reached XP level 2. HP: 15/15 MP: 1/5
   537 | D:1      | Reached skill level 4 in Earth Magic
   827 | D:1      | Reached XP level 3. HP: 13/19 MP: 0/7
   852 | D:1      | Learned a level 3 spell: Stone Arrow
  1172 | D:2      | Noticed Robin
  1739 | D:2      | Killed Robin
  1739 | D:2      | Reached skill level 1 in Conjurations
  1739 | D:2      | Reached XP level 4. HP: 11/24 MP: 0/8
  2040 | D:2      | Found a burning altar of Makhleb.
  2765 | D:3      | Reached XP level 5. HP: 16/28 MP: 0/10
  2947 | D:3      | Killed from afar by an orc wizard

Skill      XL: |  1  2  3 |
---------------+----------+-----
Earth Magic    | 4 |  4.7
Spellcasting   | 3 |  3.7
Conjurations   | 1 |  1.8
Dodging        | |  1.5
Stealth        | |  2.1
Transmutations | |  0.7

Action                   |  1- 3 |  4- 6 || total
-------------------------+-------+-------++-------
Melee: Unarmed           |     3 |       ||     3
       Club              |    37 |    79 ||   116
 Cast: Sandblast         |    64 |    68 ||   132
  Use: Scroll            |     4 |    12 ||    16
       Potion            |       |     2 ||     2
 Stab: Sleeping          |     1 |       ||     1
  Eat: Chunk             |     3 |     4 ||     7
Armor: Robe              |    26 |    49 ||    75
       Skin              |       |    40 ||    40
Dodge: Dodged            |    45 |    42 ||    87
